← All builds
Suicide front / Armada / Factory first / OBSERVED BUILD

Standard suicide front

The role's default: factory first (mostly Bot Lab), pushing Rocketeer-led bot play into the middle to contest and hold the front, with an Advanced Metal Extractor around 9:36 as the natural transition.

Usually lab first (63%)

#raid #push · 1244 distinct matches · 126 players · 71% of Armada Suicide front games · team won 60% of 1476 · Recently observed

HOW TO PLAY IT

Key timing: Bot Lab by 0:20

  1. Open with mex and wind, drop Bot Lab immediately.
  2. Push out first "Centurion" as Pond's boost lands.
  3. Send "Rocketeer", "Centurion", "Pawn" mix to contest middle.
  4. Add Dragon's Teeth and Sentries to hold the line.
  5. Get Advanced Metal Extractor up as T2 nears.

Phase by phase

TYPICAL OF ITS 1244 GAMES
  1. 1
  2. 2
  3. 3
PLAY THE OPENING

Follow the example game's first 6:00 step by step: what to build now, what comes next, and where it goes. At 1× it keeps pace with your own game.

  1. 1

    Bot Lab first

    Order
    1. Bot LabBot Lab done ~0:20, middle half 0:20–0:33

    Some games also: mex (36%)

  2. 2

    Bot Lab to 5:00

    Economy
    • Metal Extractor5Mex
    • Wind Turbine4Wind
    Builders
    • Construction Bot3 Con bot
    • Lazarus2 Lazarus
    Army
    • Sentry4 Sentry
    • Rocketeer18 Rocketeer
    • Tick2 Tick
    • Centurion1 Centurion
    Other
    • Radar Tower1 Radar Tower

    Some games also: con turret (35%) · pawn (32%)

    By 5:00 in all: 5 mex · 4 wind

    The example game in this phase · 29 steps
    1. Mex
    2. TickTick ×2
    3. Wind
    4. LazarusLazarus
    5. Wind
    6. PawnPawn ×2
    7. LazarusLazarus
    8. PawnPawn ×2
    9. LazarusLazarus
    10. PawnPawn ×2
    11. Construction BotCon bot ×2
    12. RocketeerRocketeer
    13. Mex
    14. RocketeerRocketeer
    15. Mex
    16. RocketeerRocketeer ×4
    17. Mex
    18. RocketeerRocketeer ×2
    19. Mex
    20. RocketeerRocketeer
    21. SentrySentry
    22. RocketeerRocketeer
    23. SentrySentry
    24. Construction BotCon bot
    25. SentrySentry
    26. Construction BotCon bot
    27. Radar TowerRadar Tower
    28. CenturionCenturion
    29. RocketeerRocketeer ×14
  3. 3

    5:00 to 10:00

    Economy
    • Metal Extractor1Mex
    • Wind Turbine17Wind
    Builders
    • Construction Turret2 Con turret
    • Lazarus2 Lazarus
    • Construction Bot1 Con bot
    Army
    • Sentry1 Sentry
    • Rocketeer8 Rocketeer
    • Pawn1 Pawn

    Some games also: tick (48%) · Radar Tower (47%) · energy storage (46%) · centurion (45%) · Beamer (39%)

    By 10:00 in all: 6 mex · 23 wind · 1 energy storage · 3 con turret

    The example game in this phase · 142 steps
    1. Construction BotCon bot
    2. Energy storage
    3. Construction BotCon bot
    4. Wind ×2
    5. PawnPawn
    6. Wind ×2
    7. PawnPawn
    8. Wind
    9. SentrySentry
    10. PawnPawn
    11. Wind
    12. PawnPawn
    13. SentrySentry
    14. OverwatchOverwatch
    15. Wind
    16. PawnPawn
    17. SentrySentry
    18. PawnPawn
    19. Wind
    20. Sneaky PeteSneaky Pete
    21. Con turret
    22. PawnPawn
    23. TickTick ×2
    24. PawnPawn ×3
    25. Wind
    26. OverwatchOverwatch
    27. PawnPawn
    28. Wind
    29. PawnPawn
    30. Con turret ×2
    31. PawnPawn ×2
    32. Wind
    33. PawnPawn
    34. Wind
    35. PawnPawn
    36. Wind
    37. PawnPawn
    38. Wind
    39. PawnPawn
    40. Wind
    41. PawnPawn
    42. Wind
    43. PawnPawn
    44. Wind
    45. PawnPawn ×2
    46. Con turret
    47. PawnPawn
    48. Energy storage
    49. PawnPawn
    50. Mexfor Front
    51. PawnPawn ×2
    52. Dragon's TeethDragon's Teeth
    53. PawnPawn ×2
    54. Wind
    55. PawnPawn
    56. Wind
    57. PawnPawn
    58. Wind
    59. PawnPawn
    60. Con turret
    61. Wind
    62. PawnPawn ×2
    63. Wind
    64. PawnPawn
    65. Wind
    66. PawnPawn
    67. Wind
    68. AnemoneAnemone
    69. PawnPawn
    70. Advanced Metal ExtractorT2 mexdone 9:53 · typical 9:38
    71. PawnPawn ×2
    72. Wind
    73. Mex
    74. PawnPawn
    75. Radar TowerRadar Tower
    76. Wind
    77. Dragon's TeethDragon's Teeth ×3
    78. Wind
    79. PawnPawn
    80. Dragon's TeethDragon's Teeth
    81. Wind
    82. Dragon's TeethDragon's Teeth
    83. PawnPawn
    84. Dragon's TeethDragon's Teeth
    85. SentrySentry
    86. PawnPawn
    87. Advanced Metal ExtractorT2 mex
    88. PawnPawn
    89. SentrySentry
    90. Wind ×2
    91. PawnPawn
    92. SentrySentry
    93. Wind ×2
    94. PawnPawn
    95. Wind
    96. PawnPawn
    97. Wind
    98. SentrySentry
    99. PawnPawn
    100. Wind
    101. Advanced Metal ExtractorT2 mex
    102. PawnPawn
    103. Wind
    104. PawnPawn
    105. SentrySentry
    106. Wind
    107. Advanced Metal ExtractorT2 mex
    108. PawnPawn
    109. Wind ×2
    110. Advanced Metal ExtractorT2 mex
    111. Wind
    112. Advanced Bot LabAdvanced Bot Labdone 12:39
    113. Con turret ×2
    114. Wind ×2
    115. Con turret
    116. Dragon's TeethDragon's Teeth ×3
    117. Wind
    118. Dragon's TeethDragon's Teeth ×3
    119. SentrySentry
    120. Wind
    121. Pit BullPit Bull
    122. Advanced solar
    123. Wind ×2
    124. BeamerBeamer
    125. Wind ×2
    126. UmbrellaAnti-nukedone 13:09
    127. Wind ×3
    128. Advanced solar
    129. Wind ×6
    130. Advanced Construction BotT2 con bot
    131. Wind
    132. Advanced solar
    133. WelderWelder ×3
    134. Advanced solar
    135. WelderWelder ×2
    136. Advanced solar
    137. WelderWelder ×3
    138. Fusion ReactorFusionnot finished by 15:00
    139. WelderWelder
    140. Con turret
    141. WelderWelder
    142. GhostGhost

Counts are medians over the build's games: half of them build more, half fewer. The example game is Immort's (55 OS, 25/09/2026); pick another.

Team trades

IN AT LEAST 30% OF ITS GAMES

You hand over

Nothing regular.

You get

  • Tidal Generator4 Tidal from Pondfirst at 0:10 · in 69% of games
  • Advanced Construction Bot1 T2 con bot from Geo or Techfirst at 7:30 · in 58% of games

How it plays out

Typical game of this build, running totals by minute

Metal produced

010k20k30k
0:005:0010:0015:00

metal

Enemy metal destroyed

05k10k
0:005:0010:0015:00

metal

Own metal lost

05k10k
0:005:0010:0015:00

metal

1476 games.

Show as table
ByMetal produced: This buildEnemy metal destroyed: This buildOwn metal lost: This build
1:0022600
2:0088800
3:002052173106
4:003161658487
5:00424314151020
6:00543323271786
7:00666831762727
8:00791340353627
9:00930148084496
10:001068454295313
11:001224658946034
12:001409665046820
13:001621470167535
14:001807476888398
15:002043282939278
WHAT THE NUMBERS SAY

Standard suicide front play wins slightly more than half its games with fast kills but also fast losses, matching the raw grind of the role.

  • + First kill lands by 2:04 in all games
  • + Metal produced reaches 19882 by 15:00
  • − Own metal lost hits 9208 by 15:00, near metal destroyed of 8172
  • − First unit lost as early as 2:08 in every game
THE EXAMPLE YOU ARE READING

Immort

54.8 OS · 25/09/2026

Open source match ↗

5 received units · includes a constructor
567 metal received · 51351 energy received

Allied construction assistance is unknown. Timings are observations, not a promise of solo reproducibility.

Typical milestones

Bot Lab0:20Middle 50%: 0:20–0:33 · n=1470
Advanced Metal Extractor9:38Middle 50%: 8:42–10:48 · n=1084

Played most by

_X_252games of this buildPlatinumBlonde176games of this buildXad119games of this buildImmort67games of this buildwatermeloans58games of this build